 Dungeon Crawl Stone Soup version 0.20.1-1-g8b1a95d (webtiles) character file.

109 dohliylev the Sneak (level 4, -6/30 HPs)
             Began as a Vampire Enchanter on July 11, 2017.
             Killed by divine providence
             ... invoked by an orc priest
              (15 damage)
             ... on level 3 of the Dungeon.
             The game lasted 00:08:52 (1660 turns).

dohliylev the Sneak (Vampire Enchanter)             Turns: 1660, Time: 00:08:53

Health: -6/30      AC:  4    Str:  7    XL:     4   Next: 60%
Magic:  3/7        EV: 10    Int: 18    God:
Gold:   79         SH:  6    Dex: 14    Spells: 4/7 levels left

rFire    . . .     SeeInvis +   l - -2 dagger (curse)
rCold    . . .     Gourm    .   m - +0 shield
rNeg     . . .     Faith    .   b - +0 robe
rPois    .         Spirit   .   e - +0 helmet
rElec    .         Reflect  .   (no cloak)
rCorr    +         Harm     .   (no gloves)
MR       .....                  n - +0 pair of boots
Stlth    +++.......             (no amulet)
Regen    0.3/turn               t - ring of resist corrosion
MPRegen  0.1/turn               (no ring)

@: lethally poisoned (-6 -> -12), very slightly contaminated, regenerating
quickly
A: fangs 3, see invisible, unbreathing
a: no special abilities


You were on level 3 of the Dungeon.
You were very full.

You visited 1 branch of the dungeon, and saw 3 of its levels.

You collected 79 gold pieces.

Inventory:

Hand Weapons
 a - a +1 dagger
 l - a cursed -2 dagger (weapon)
Armour
 b - a +0 robe (worn)
 e - a +0 helmet (worn)
 m - a +0 shield (worn)
 n - a +0 pair of boots (worn)
Jewellery
 t - a ring of resist corrosion (left hand)
Scrolls
 f - 2 scrolls of teleportation {unknown}
 g - a scroll of remove curse {unknown}
 h - a scroll of recharging {unknown}
 k - a scroll of random uselessness {unknown}
 p - a scroll of identify {unknown}
 q - a scroll of fear {unknown}
Potions
 i - a potion of invisibility {unknown}
 j - 2 potions of resistance {unknown}
 o - a potion of magic {unknown}
 r - a potion of curing {unknown}
 s - a potion of degeneration {unknown}
Books
 c - a book of Maledictions

   Spells                             Type                      Level
   a - Corona                         Hexes                        1
   b - Ensorcelled Hibernation        Hexes/Ice                    2
   c - Confuse                        Hexes                        3
   d - Tukima's Dance                 Hexes                        3
   e - Dazzling Spray                 Conjuration/Hexes            3


   Skills:
 * Level 2.3 Short Blades
 + Level 2.6 Dodging
 * Level 5.8 Stealth
 + Level 2.4 Spellcasting
 + Level 5.0 Hexes
 + Level 1.2 Ice Magic


You had 4 spell levels left.
You knew the following spells:

 Your Spells              Type           Power        Failure   Level  Hunger
a - Corona                Hex            ###....      16%         1    #......
b - Ensorcelled Hibernat  Hex/Ice        ##....       45%         2    ##.....


Dungeon Overview and Level Annotations

Branches:
Dungeon (3/15)

Altars:
Kikubaaqudgha


Innate Abilities, Weirdness & Mutations

Your natural rate of healing is unusually fast.
You have razor-sharp teeth.
You have supernaturally acute eyesight. (SInv)
You can survive without breathing.


Message History

The worker ant bites you but does no damage.
You feel sick. The worker ant closely misses you.
You feel sick. The worker ant bites you.
An orc comes into view. It is wielding a hand axe.
An orc priest comes into view. It is wielding a hand axe.
The orc moves out of view.
You see here a leather armour.
You feel sick.
The orc priest shouts!
The worker ant barely misses you.
An orc comes into view. It is wielding a dagger.
There is a stone staircase leading up here.
The worker ant bites you.
* * * LOW HITPOINT WARNING * * *
You are more poisoned.
The worker ant poisons you!
The orc priest calls down the wrath of Beogh upon you.
Beogh smites you!
Ouch! That really hurt!
You die...

##.....## ##.......##
...# #....o....#
#...#
###...o.....###...#
..................
#.....[...###..#
#.o......##..#
#......#.##..#
#@#..........#
#a#######.#.## #[#
#.#.# #.# ##.#.#
#######.## ##....#
.........####....?##
#######...##.......##
..........)........#
######...##.......##


You could see a worker ant, an orc priest and 2 orcs.

Vanquished Creatures
  5 adders (D:2)
  An ooze (D:2)
  2 worms (D:2)
  A leopard gecko (D:1)
  4 orcs (D:3)
  A ball python (D:2)
  3 giant cockroaches
  11 goblins
  4 hobgoblins
  2 kobolds
  A quokka (D:2)
  5 bats
  9 rats
49 creatures vanquished.

Notes
Turn   | Place    | Note
-------+----------+-------------------------------------------
     0 | D:1      | dohliylev the Vampire Enchanter began the quest for the Orb.
     0 | D:1      | Reached XP level 1. HP: 13/13 MP: 3/3
    93 | D:1      | Reached XP level 2. HP: 17/19 MP: 3/5
    97 | D:1      | Learned a level 2 spell: Ensorcelled Hibernation
   662 | D:2      | Reached XP level 3. HP: 24/24 MP: 1/6
   726 | D:2      | Reached skill level 5 in Stealth
  1087 | D:2      | Reached XP level 4. HP: 30/30 MP: 4/7
  1152 | D:2      | Reached skill level 1 in Ice Magic
  1174 | D:2      | Found an ancient bone altar of Kikubaaqudgha.
  1185 | D:2      | Reached skill level 5 in Hexes
  1660 | D:3      | Killed from afar by an orc priest

Skill      XL: |  1  2  3  4 |
---------------+-------------+-----
Stealth        | 5 |  5.8
Short Blades   | 2 |  2.3
Ice Magic      | 1 |  1.2
Hexes          | 5 |  5.0
Dodging        | |  2.6
Spellcasting   | |  2.4

Action                   |  1- 3 |  4- 6 || total
-------------------------+-------+-------++-------
Melee: Dagger            |   106 |   139 ||   245
       Bite              |     9 |    14 ||    23
 Cast: Corona            |     6 |     1 ||     7
       Ensorcelled Hiber |    22 |    13 ||    35
  Use: Potion            |       |     7 ||     7
 Stab: Sleeping          |    15 |     7 ||    22
  Eat: Corpse            |     6 |     1 ||     7
Armor: Robe              |    34 |    28 ||    62
Dodge: Dodged            |   102 |    66 ||   168
Block: Shield            |       |    34 ||    34
